 Dungeon Crawl Stone Soup version 0.23.0 (webtiles) character file.

Game seed: 7178862909811997570

14056 werioijo the Blocker (level 11, -9/145 HPs)
             Began as a Minotaur Fighter on Feb 15, 2019.
             Was a High Priest of Trog.
             Mangled by Snorg (11 damage)
             ... on level 12 of the Dungeon.
             The game lasted 01:07:27 (7908 turns).

werioijo the Blocker (Minotaur Fighter)             Turns: 7908, Time: 01:07:27

Health: -9/145     AC: 14    Str: 26 (27) XL:     11   Next: 83%
Magic:  10/10      EV:  9    Int:  7 (8)  God:    Trog [*****.]
Gold:   626        SH: 13    Dex: 11      Spells: 10/10 levels left

rFire    + . .     SeeInvis .   w - +1 double sword
rCold    + . .     Gourm    .   c - +1 shield
rNeg     + . .     Faith    .   x - +0 plate armour
rPois    +         Spirit   .   (helmet restricted)
rElec    .         Reflect  .   t - scarf {rC+ rF+}
rCorr    .         Harm     .   (no gloves)
MR       .....                  (no boots)
Stlth    ..........             h - amulet of regeneration
HPRegen  0.74/turn              g - ring of poison resistance
MPRegen  0.12/turn              k - ring of positive energy

@: berserking, very quick
A: retaliatory headbutt, hooves 2, horns 2, clever 1, wild magic 1
a: Berserk, Trog's Hand, Brothers in Arms, Renounce Religion


You were on level 12 of the Dungeon.
You worshipped Trog.
Trog was extremely pleased with you.
You were not hungry.

You visited 2 branches of the dungeon, and saw 13 of its levels.

You collected 668 gold pieces.
You spent 42 gold pieces at shops.

Inventory:

Hand Weapons
 a - a +2 war axe
 o - a +1 flail of electrocution
 s - a +3 hand axe
 w - a +1 double sword (weapon)
Missiles
 y - 4 exploding tomahawks (quivered)
Armour
 b - a +1 scale mail
 c - a +1 shield (worn)
 t - a scarf of resistance (worn)
 x - a +0 plate armour (worn)
Jewellery
 g - a ring of poison resistance (left hand)
 h - an amulet of regeneration (around neck)
 i - an uncursed ring of see invisible
 k - a ring of positive energy (right hand)
 q - an uncursed ring of protection from fire
Wands
 n - a wand of polymorph (9)
 u - a wand of random effects (17)
 v - a wand of acid (7)
Scrolls
 j - 2 scrolls of fear
 l - 3 scrolls of identify
 m - 7 scrolls of teleportation
 p - 3 scrolls of remove curse
 r - 4 scrolls of magic mapping
 E - a scroll of immolation
Potions
 d - a potion of haste
 e - 2 potions of flight
 z - a potion of brilliance
 A - a potion of curing
 C - a potion of heal wounds
 D - a potion of agility
Miscellaneous
 B - a crystal ball of energy
Comestibles
 f - 14 rations


   Skills:
 + Level 9.4 Fighting
 + Level 5.5 Long Blades
 + Level 9.4(11.2) Axes
 + Level 10.1(11.5) Maces & Flails
 + Level 10.5 Armour
 + Level 5.3 Dodging
 + Level 1.1 Stealth
 + Level 10.8 Shields


You had 10 spell levels left.
You didn't know any spells.
Your spell library was empty.

Dungeon Overview and Level Annotations

Branches:
Dungeon (12/15)            Temple (1/1) D:4            Lair (0/6) D:9
    Orc (0/2) D:9

Altars:
Ashenzari
Cheibriados
Dithmenos
Elyvilon
Fedhas
Gozag
Kikubaaqudgha
Makhleb
Nemelex Xobeh
Okawaru
Ru
Sif Muna
Trog
Vehumet
Wu Jian
Xom
Yredelemnul
Zin
The Shining One

Shops:
D:5 *   D:7 *

Annotations:
D:12 Snorg


Innate Abilities, Weirdness & Mutations

You reflexively headbutt those who attack you in melee.
You have a pair of horns on your head.
You have hoof-like feet.
Your mind is acute. (Int +2)
Your spells are a little harder to cast, but a little more powerful.


Message History

Snorg claws you!
* * * LOW HITPOINT WARNING * * *
Snorg rages.
Okay, then.
You slash Snorg! You kick Snorg!
Snorg is heavily wounded.
You block Snorg's attack. Snorg claws you!
* * * LOW HITPOINT WARNING * * *
Snorg claws you but does no damage. Snorg bites you!
* * * LOW HITPOINT WARNING * * *
You block Snorg's attack. Snorg claws you!
* * * LOW HITPOINT WARNING * * *
You are too berserk!
You are too berserk!
You closely miss Snorg. Your headbutt misses Snorg.
Snorg is heavily wounded.
Snorg barely misses you.
You riposte.
You slice Snorg!!
Snorg is severely wounded.
Snorg claws you!
You die...

... ### ....
##.####...#
#........#
#........#
#.......# #
+.......## $
###.#@T......##.#
....###'###..#.#
#..........###
#............#
#.............
#.......#....#
#.......# ...#
#.......####+###
#####..........+


You could see Snorg (berserk).

Vanquished Creatures
  A two-headed ogre (D:11)
  Urug (D:10)
  Pikel (D:7)
  An ugly thing (D:11)
  A manticore (D:11)
  A centaur zombie (D:11)
  A gargoyle (D:11)
  2 centaur skeletons
  2 trolls
  Grinder (D:4)
  3 hippogriffs
  A shadow (D:11)
  17 yaks
  A wyvern (D:10)
  Eustachio (D:4)
  Grum (D:9)
  Menkaure (D:6)
  A water moccasin (D:10)
  Edmund (D:6)
  An ice beast (D:12)
  8 orc warriors
  3 sky beasts
  3 black bears
  A phantom (D:10)
  8 ogres
  An eye of draining (D:9)
  4 necrophages
  3 wolves (D:9)
  3 centaurs
  A crocodile (D:12)
  2 big kobolds
  5 bullfrogs
  A wyvern zombie (D:9)
  4 scorpions
  3 killer bees (D:9)
  A troll skeleton (D:9)
  10 wights
  3 howler monkeys
  5 crimson imps
  2 bullfrog zombies
  3 human zombies (D:9)
  3 jellies
  4 hounds
  4 orc priests (D:9)
  2 human skeletons (D:9)
  4 iguanas
  4 orc wizards
  A bullfrog skeleton (D:5)
  Natasha (thrice) (D:4)
  6 worker ants
  2 hound zombies
  A hound skeleton (D:10)
  2 mummies (D:9)
  A worker ant zombie (D:5)
  10 adders
  A howler monkey skeleton (D:6)
  3 shadow imps
  An ooze (D:1)
  An adder zombie (D:9)
  2 adder skeletons
  3 worms
  3 dart slugs
  4 leopard geckos
  34 orcs
  A ball python (D:1)
  3 giant cockroaches
  9 goblins
  7 hobgoblins
  13 jackals
  5 quokkas
  7 bats
  2 frilled lizards
  A jackal skeleton (D:7)
  20 kobolds
  An orc skeleton (D:9)
  An orc zombie (D:9)
  A quokka skeleton (D:5)
  9 rats
293 creatures vanquished.

Vanquished Creatures (collateral kills)
  Joseph (D:10)
  A slave (D:7)
  An orc warrior (D:8)
  2 hounds
  3 orc wizards (D:8)
  3 orcs (D:8)
11 creatures vanquished.

Grand Total: 304 creatures vanquished

Notes
Turn   | Place    | Note
-------+----------+-------------------------------------------
     0 | D:1      | werioijo the Minotaur Fighter began the quest for the Orb.
     0 | D:1      | Reached XP level 1. HP: 19/19 MP: 0/0
    79 | D:1      | Reached XP level 2. HP: 27/27 MP: 1/1
   106 | D:1      | Gained mutation: Your spells are a little easier to cast,
                  | but a little less powerful. [potion of mutation]
   106 | D:1      | Gained mutation: Your muscles are strong. (Str +2) [potion
                  | of mutation]
   828 | D:2      | Found a deep blue altar of Sif Muna.
   872 | D:2      | Found a glowing silver altar of Zin.
   895 | D:2      | Reached XP level 3. HP: 33/33 MP: 2/2
  1369 | D:2      | Found a faded altar of an unknown god.
  1594 | D:3      | Reached XP level 4. HP: 37/40 MP: 3/3
  1690 | D:3      | Reached XP level 5. HP: 47/47 MP: 4/4
  1704 | D:3      | Found a snail-covered altar of Cheibriados.
  1825 | D:3      | Reached skill level 1 in Dodging
  2124 | D:4      | Noticed Eustachio
  2135 | D:4      | Killed Eustachio
  2135 | D:4      | Reached skill level 5 in Axes
  2135 | D:4      | Reached skill level 5 in Shields
  2135 | D:4      | Reached XP level 6. HP: 46/55 MP: 5/5
  2174 | D:4      | Noticed Natasha
  2185 | D:4      | Killed Natasha
  2303 | D:4      | Reached skill level 5 in Fighting
  2320 | D:4      | Noticed Grinder
  2334 | D:4      | Paralysed by Grinder for 5 turns
  2342 | D:4      | Paralysed by Grinder for 5 turns
  2356 | D:4      | Killed Grinder
  2356 | D:4      | Reached skill level 5 in Armour
  2356 | D:4      | Reached XP level 7. HP: 41/61 MP: 6/6
  2589 | D:4      | Noticed Natasha
  2598 | D:4      | Killed Natasha
  2623 | D:4      | Noticed Natasha
  2627 | D:4      | Killed Natasha
  2639 | D:4      | Found a staircase to the Ecumenical Temple.
  2648 | Temple   | Entered the Ecumenical Temple
  2679 | Temple   | Became a worshipper of Trog the Wrathful
  2755 | D:5      | Entered Level 5 of the Dungeon
  2914 | D:5      | Found Biuso's General Store.
  2943 | D:5      | Reached XP level 8. HP: 17/68 MP: 7/7
  2963 | D:5      | Bought a potion of curing for 42 gold pieces
  3234 | D:6      | Noticed Edmund
  3251 | D:6      | Killed Edmund
  3270 | D:6      | Found a glowing golden altar of the Shining One.
  3347 | D:6      | Noticed Menkaure
  3361 | D:6      | Killed Menkaure
  3481 | D:6      | Reached skill level 1 in Maces & Flails
  3525 | D:6      | Reached * piety under Trog
  3809 | D:7      | Reached XP level 9. HP: 65/75 MP: 8/8
  3879 | D:7      | Noticed Pikel
  3892 | D:7      | Killed Pikel
  3988 | D:7      | Identified the Disquisition on Feathery Black Rites
  4014 | D:7      | Reached skill level 5 in Maces & Flails
  4042 | D:7      | Found a basalt altar of Yredelemnul.
  4201 | D:7      | Found Durutet's General Store.
  4440 | D:8      | Found a bloodstained altar of Trog.
  4470 | D:8      | Found a sacrificial altar of Ru.
  4470 | D:8      | Found an iron altar of Okawaru.
  4472 | D:8      | Found a radiant altar of Vehumet.
  4809 | D:8      | Reached ** piety under Trog
  5305 | D:9      | Found a staircase to the Lair.
  5367 | D:9      | Found a blossoming altar of Fedhas.
  5423 | D:9      | Reached XP level 10. HP: 85/86 MP: 9/9
  5682 | D:9      | Found a white marble altar of Elyvilon.
  5886 | D:9      | Lost mutation: Your muscles are strong. (Str +2) [potion of
                  | mutation]
  5886 | D:9      | Lost mutation: Your spells are a little easier to cast, but
                  | a little less powerful. [potion of mutation]
  5886 | D:9      | Gained mutation: Your mind is acute. (Int +2) [potion of
                  | mutation]
  5886 | D:9      | Gained mutation: You have large cloven feet. [potion of
                  | mutation]
  5886 | D:9      | Gained mutation: Your spells are a little harder to cast,
                  | but a little more powerful. [potion of mutation]
  5886 | D:9      | Gained mutation: You have hoof-like feet. [potion of
                  | mutation]
  5902 | D:9      | Noticed Grum
  5916 | D:9      | Reached *** piety under Trog
  5935 | D:9      | Killed Grum
  6041 | D:9      | Found a staircase to the Orcish Mines.
  6264 | D:9      | Reached **** piety under Trog
  6270 | D:9      | Found an ancient bone altar of Kikubaaqudgha.
  6336 | D:9      | Reached skill level 1 in Stealth
  6384 | D:10     | Entered Level 10 of the Dungeon
  6631 | D:10     | Reached skill level 5 in Dodging
  6631 | D:10     | Reached XP level 11. HP: 51/94 MP: 10/10
  6674 | D:10     | Noticed Urug
  6676 | D:10     | Noticed Joseph
  6687 | D:10     | Killed Urug
  6687 | D:10     | Reached skill level 10 in Shields
  6689 | D:10     | Killed Joseph
  6819 | D:10     | Reached skill level 10 in Maces & Flails
  6932 | D:10     | Reached skill level 1 in Long Blades
  7214 | D:11     | Noticed a two-headed ogre
  7221 | D:11     | Killed a two-headed ogre
  7310 | D:11     | Noticed a red ugly thing
  7330 | D:11     | Killed a red ugly thing
  7394 | D:11     | Reached skill level 10 in Armour
  7410 | D:11     | Reached ***** piety under Trog
  7725 | D:11     | Received a gift from Trog
  7725 | D:11     | Reached skill level 5 in Long Blades
  7897 | D:12     | Noticed Snorg
  7906 | D:12     | HP: 1/145 [Snorg (16)]
  7908 | D:12     | Mangled by Snorg

Skill      XL: |  1  2  3  4  5  6  7  8  9 10 11 |
---------------+----------------------------------+-----
Armour         | 4 5 7 8 10 | 10.5
Shields        | 4 5 6 7 9 10 | 10.8
Fighting       | 4 5 6 7 8 9 |  9.4
Axes           | 3 5 6 7 9 |  9.4
Dodging        | 1 2 3 5 |  5.3
Maces & Flails | 3 6 9 10 | 10.1
Stealth        | 1 |  1.1
Long Blades    | 5 |  5.5

Action                   |  1- 3 |  4- 6 |  7- 9 | 10-12 || total
-------------------------+-------+-------+-------+-------++-------
Melee: War axe           |    84 |   104 |    99 |       ||   287
       Headbutt          |    13 |    17 |    51 |    70 ||   151
       Flail             |       |       |   205 |   306 ||   511
       Kick              |       |       |       |   129 ||   129
       Double sword      |       |       |       |   195 ||   195
Invok: Berserk           |       |       |     1 |     5 ||     6
       Trog's Hand       |       |       |     1 |       ||     1
       Brothers in Arms  |       |       |       |     1 ||     1
  Use: Scroll            |     8 |     8 |     8 |     3 ||    27
       Potion            |     3 |     4 |     3 |    11 ||    21
  Eat: Ration            |     1 |     1 |     4 |     3 ||     9
Armor: Scale mail        |    46 |    30 |    86 |    76 ||   238
       Skin              |       |       |    19 |    26 ||    45
       Plate armour      |       |       |       |   124 ||   124
Dodge: Dodged            |    20 |    37 |    90 |   190 ||   337
Block: Shield            |    57 |    52 |   186 |   363 ||   658
       Rpst.: Double sword |       |       |       |    16 ||    16
